 Dungeon Crawl Stone Soup version 0.29.0-4-gdea44cf6ec (webtiles) character file.

Game seed: 11091229373672327401

1488 qw the Cleaver (level 8, -1/51 HPs)
             Began as a Gargoyle Berserker on Sept 8, 2022.
             Was a Priest of Trog.
             Slain by a vampire (6 damage)
             ... on level 5 of the Dungeon.
             The game lasted 00:01:49 (5023 turns).

qw the Cleaver (Gargoyle Berserker)                 Turns: 5023, Time: 00:01:50

Health: -1/51      AC: 18    Str: 21    XL:     8   Next: 80%
Magic:  8/8        EV: 10    Int:  8    God:    Trog [***...]
Gold:   18         SH:  8    Dex: 15    Spells: 7/7 levels left

rFire   + + +      SeeInvis .   Y - +2 war axe
rCold   x . .      Faith    .   c - +0 kite shield
rNeg    + . .      Spirit   .   u - +0 chain mail
rPois   inf        Reflect  .   a - -1 helmet "Uhaanwuq" {rC- Str+3 Slay+2}
rElec   +          Harm     .   o - +0 cloak "Mavusk" {Contam Fly rF+++ Str-5}
rCorr   .          Rampage  .   e - +1 pair of gloves
Will    .....                   (no boots)
Stlth   ..........              (no amulet)
HPRegen 0.17/turn               p - +4 ring of evasion
MPRegen 0.11/turn               n - +6 ring of dexterity

@: flying
A: sickness immunity, AC +5, negative energy resistance 1, electricity
resistance, torment resistance 1, petrification resistance
a: Renounce Religion, Berserk, Trog's Hand


You were on level 5 of the Dungeon.
You worshipped Trog.
Trog was most pleased with you.
You visited 1 branch of the dungeon, and saw 5 of its levels.

You collected 285 gold pieces.
You spent 267 gold pieces at shops.


Innate Abilities, Weirdness & Mutations

You are immune to sickness and miasma.
Your stone body is resilient. (AC +5)
You are immune to poison.
You resist negative energy. (rN+)
You are resistant to electric shocks. (rElec)
You are resistant to unholy torment.
You are immune to petrification.


   Skills:
 - Level 6.0 Fighting
 - Level 8.2 Axes
 - Level 1.1 Throwing
 - Level 4.4 Armour
 - Level 1.5 Dodging
 + Level 2.2 Shields


You had 7 spell levels left.
You didn't know any spells.
Your spell library was empty.

Inventory:

Hand Weapons
 t - a +0 flail
 Y - a +2 war axe (weapon)
Missiles
 i - 4 boomerangs (quivered)
Armour
 a - the -1 helmet "Uhaanwuq" (worn) {rC- Str+3 Slay+2}
   (You acquired it on level 1 of the Dungeon)

   Str:       It affects your strength (+3).
   Slay:      It affects your accuracy & damage with ranged weapons and melee
   (+2).
   rC:        It makes you vulnerable to cold.
 c - a +0 kite shield (worn)
 e - a +1 pair of gloves (worn)
 j - a scarf of resistance
 o - the +0 cloak "Mavusk" (worn) {Contam Fly rF+++ Str-5}
   (You found it on level 2 of the Dungeon)

   Str:       It affects your strength (-5).
   rF:        It renders you almost immune to fire.
   Fly:       It grants you flight.
   Contam:    It causes magical contamination when unequipped.
 u - a +0 chain mail (worn)
Jewellery
 n - a +6 ring of dexterity (right hand)
 p - a +4 ring of evasion (left hand)
Scrolls
 f - a scroll of identify
Potions
 b - 6 potions of curing
 d - 2 potions of heal wounds
 g - a potion of resistance
 k - a potion of mutation {unknown}
 q - a potion of cancellation {unknown}

Dungeon Overview and Level Annotations

Branches:
Dungeon (5/15)
 Temple: D:4-7

Altars:
Hepliaklqana
Qazlal
Trog
Uskayaw
Vehumet

Shops:
D:2 (   D:5 (!


Message History

You closely miss something. Something hits you but does no damage.
Something bites you but does no damage.
You barely miss something. Something hits you but does no damage.
Something bites you but does no damage.
You hit something. Something hits you but does no damage. Something bites you!
You barely miss something. Something hits you but does no damage.
Something bites you. Something hits you. Something bites you.
You slash something! Something hits you but does no damage.
You block something's attack.
The hound stops to sniff the ground.
You hit something but do no damage. Something hits you.
Something bites you but does no damage.
You hit something but do no damage. You block something's attack.
Something bites you but does no damage. Something hits you but does no damage.
Something bites you.
You hit something. Something hits you but does no damage. Something bites you.
You closely miss something.
You hear some strange, mumbled words.
Something tries to affect you, but you resist.
You miss something. Something hits you but does no damage.
Something bites you but does no damage. Something hits you but does no damage.
Something bites you but does no damage.
The orc shouts!
You hit something but do no damage. Something hits you but does no damage.
Something bites you but does no damage.
You miss something. Something hits you. Something bites you but does no damage.
You barely miss something. Something hits you.
Something bites you but does no damage.
You closely miss something. Something hits you.
Something bites you but does no damage. Something hits you but does no damage.
You block something's attack.
You hit something. You block something's attack. Something bites you.
You miss something. Something hits you.
You die... ..# ...# ... #.# ...#.... ..# #n.#..# . ..## #WS#..# .. ...#### #hhh..# ... #...#.# #ShYh.

!...
)))...#####################
...........................
................@{.!.......
.......####################
..>.#..## ...OO# S..#
........#......# ....#
.##...).#'###..#..#..#
.##.....# #=.#..#..#
........# #.....#...
........# #.... #...
........#####


You could see a water moccasin, 2 black bears, an ice beast, an ogre, a
necrophage, a phantom, a howler monkey, a hound and an adder.

Vanquished Creatures
  Sigmund (D:2)
  Eustachio (D:4)
  A water moccasin (D:4)
  Duvessa (D:4)
  3 ogres (D:5)
  2 gnoll sergeants (D:5)
  A necrophage (D:4)
  Dowan (D:4)
  A hound (D:5)
  An orc priest (D:4)
  A gnoll bouda (D:5)
  2 iguanas
  17 gnolls
  7 adders
  2 white imps (D:5)
  3 ufetubi (D:5)
  2 worms
  3 dart slugs
  7 orcs
  4 ball pythons
  2 endoplasms
  7 giant cockroaches
  5 goblins
  7 hobgoblins
  10 jackals
  3 kobolds
  3 quokkas
  3 bats
  8 frilled lizards
  7 rats
  A spectral kobold (D:1)
117 creatures vanquished.

Vanquished Creatures (others)
  9 plants (D:4)
9 creatures vanquished.

Grand Total: 126 creatures vanquished

Notes
Turn   | Place    | Note
-------+----------+-------------------------------------------
     0 | D:1      | qw the Gargoyle Berserker began the quest for the Orb.
     0 | D:1      | Reached XP level 1. HP: 14/14 MP: 1/1
     0 | D:1      | 0 ||| qw: Version: 0.1-a-112-g44dc6cd
     0 | D:1      | 0 ||| qw: Game counter: 6841
     0 | D:1      | 0 ||| qw: Always use a shield: true
     0 | D:1      | 0 ||| qw: Do Orc after D:15 true
     0 | D:1      | 0 ||| qw: Do second Lair branch before Depths: true
     0 | D:1      | 0 ||| qw: Lair rune preference: random
     0 | D:1      | 0 ||| qw: Plans: Normal
     0 | D:1      | 0 ||| PLANNING D:1-11
    84 | D:1      | Reached skill level 3 in Axes
   105 | D:1      | Reached XP level 2. HP: 17/19 MP: 2/2
   204 | D:1      | 204 ||| Stepping ~*~*~tactically~*~*~ (stealth).
   211 | D:1      | 211 ||| Stepping ~*~*~tactically~*~*~ (stealth).
   213 | D:1      | 213 ||| Stepping ~*~*~tactically~*~*~ (stealth).
   215 | D:1      | 215 ||| Stepping ~*~*~tactically~*~*~ (stealth).
   220 | D:1      | 220 ||| Stepping ~*~*~tactically~*~*~ (stealth).
   225 | D:1      | Found a faded altar of an unknown god.
   226 | D:1      | 226 ||| Stepping ~*~*~tactically~*~*~ (stealth).
   227 | D:1      | 227 ||| Stepping ~*~*~tactically~*~*~ (stealth).
   287 | D:1      | 287 ||| Stepping ~*~*~tactically~*~*~ (stealth).
   289 | D:1      | 289 ||| Stepping ~*~*~tactically~*~*~ (stealth).
   372 | D:1      | 372 ||| Stepping ~*~*~tactically~*~*~ (hiding).
   479 | D:1      | 479 ||| Stepping ~*~*~tactically~*~*~ (hiding).
   583 | D:1      | 583 ||| Stepping ~*~*~tactically~*~*~ (stealth).
   600 | D:1      | Reached XP level 3. HP: 23/23 MP: 3/3
   621 | D:1      | 621 ||| Stepping ~*~*~tactically~*~*~ (stealth).
   622 | D:1      | 622 ||| Stepping ~*~*~tactically~*~*~ (stealth).
   690 | D:1      | Reached ** piety under Trog
   705 | D:1      | 705 ||| Stepping ~*~*~tactically~*~*~ (stealth).
   709 | D:1      | Reached skill level 4 in Axes
   962 | D:1      | 962 ||| UPGRADING to +0 pair of gloves.
   967 | D:1      | 967 ||| UPGRADING to scarf of resistance.
   972 | D:1      | 972 ||| UPGRADING to +0 leather armour.
   982 | D:1      | 982 ||| DROPPING +0 animal skin.
   983 | D:1      | 983 ||| DROPPING +6 ring of intelligence.
   984 | D:1      | 984 ||| READING scroll labelled OPRUTI DAISH.
   985 | D:1      | 985 ||| READING scroll labelled LOWNAAMMUPSO.
   985 | D:1      | Identified a scroll of acquirement
   985 | D:1      | 985 ||| ACQUIRING -1 helmet "Uhaanwuq" {rC- Str+3 Slay+2}
   985 | D:1      | Acquired the -1 helmet "Uhaanwuq" {rC- Str+3 Slay+2}
   987 | D:1      | 987 ||| UPGRADING to -1 helmet "Uhaanwuq" {rC- Str+3
                  | Slay+2}.
   992 | D:1      | 992 ||| READING scroll labelled TUIMORIZIU.
   993 | D:1      | 993 ||| READING scroll labelled UHANUMMUOWK.
   994 | D:1      | 994 ||| DRINKING 2 fizzy cyan potions.
  1043 | D:2      | Noticed Sigmund
  1046 | D:2      | 1046 ||| INVOKING Berserk.
  1052 | D:2      | Killed Sigmund
  1053 | D:2      | Reached skill level 5 in Axes
  1053 | D:2      | Reached XP level 4. HP: 28/28 MP: 4/4
  1053 | D:2      | Reached XP level 5. HP: 32/32 MP: 5/5
  1121 | D:2      | 1121 ||| Stepping ~*~*~tactically~*~*~ (stealth).
  1141 | D:2      | Reached XP level 6. HP: 37/38 MP: 6/6
  1366 | D:2      | 1366 ||| Stepping ~*~*~tactically~*~*~ (stealth).
  1477 | D:2      | Found Syet's Antique Weapon Emporium.
  1486 | D:2      | 1486 ||| SHOPLISTING mace (72 gold, have 67).
  1486 | D:2      | 1486 ||| SHOPLISTING morningstar (96 gold, have 67).
  1486 | D:2      | 1486 ||| SHOPLISTING war axe (84 gold, have 67).
  1486 | D:2      | 1486 ||| BUYING whip (60 gold).
  1486 | D:2      | Bought a whip for 60 gold pieces
  1486 | D:2      | 1486 ||| DROPPING +0 club.
  1555 | D:2      | Identified the +0 cloak "Mavusk" {Contam Fly rF+++ Str-5}
  1690 | D:2      | 1690 ||| UPGRADING to +0 ring mail.
  1700 | D:2      | 1700 ||| DROPPING +0 leather armour.
  1701 | D:2      | 1701 ||| UPGRADING to +0 scale mail.
  1711 | D:2      | 1711 ||| DROPPING +0 ring mail.
  1712 | D:2      | 1712 ||| UPGRADING to +0 cloak "Mavusk" {Contam Fly rF+++
                  | Str-5}.
  1722 | D:2      | 1722 ||| READING scroll labelled QUCZOU QEFA.
  1788 | D:2      | 1788 ||| READING scroll labelled RICIBLE ANEPT.
  1791 | D:2      | 1791 ||| READING 2 scrolls of identify.
  1791 | D:2      | 1791 ||| IDENTIFYING red potion
  1969 | D:3      | 1969 ||| READING scroll of enchant armour.
  1969 | D:3      | 1969 ||| ENCHANTING +0 pair of gloves.
  2398 | D:3      | 2398 ||| UPGRADING to +4 ring of evasion.
  2399 | D:3      | 2399 ||| READING scroll labelled ROELAINICK.
  2400 | D:3      | 2400 ||| READING scroll labelled SAQOPREQYJ.
  2401 | D:3      | 2401 ||| DRINKING 3 golden potions.
  2456 | D:4      | Reached skill level 6 in Axes
  2482 | D:4      | 2482 ||| SWAPPING to +0 war axe.
  2483 | D:4      | 2483 ||| DROPPING +0 hand axe.
  2579 | D:4      | 2579 ||| Stepping ~*~*~tactically~*~*~ (stealth).
  2589 | D:4      | 2589 ||| Stepping ~*~*~tactically~*~*~ (stealth).
  2591 | D:4      | 2591 ||| Stepping ~*~*~tactically~*~*~ (hiding).
  2592 | D:4      | 2592 ||| Stepping ~*~*~tactically~*~*~ (hiding).
  2598 | D:4      | 2598 ||| INVOKING Berserk.
  2840 | D:4      | 2840 ||| DROPPING +0 whip.
  2879 | D:4      | Noticed Duvessa
  2880 | D:4      | Noticed Dowan
  2882 | D:4      | 2882 ||| INVOKING Berserk.
  2884 | D:4      | Noticed Eustachio
  2887 | D:4      | Killed Duvessa
  2888 | D:4      | Reached XP level 7. HP: 43/43 MP: 7/7
  2889 | D:4      | Killed Dowan
  2890 | D:4      | Reached skill level 7 in Axes
  2907 | D:4      | Killed Eustachio
  3476 | D:4      | 3476 ||| UPGRADING to +0 chain mail.
  3486 | D:4      | 3486 ||| DROPPING +0 scale mail.
  3487 | D:4      | 3487 ||| UPGRADING to +6 ring of dexterity.
  3488 | D:4      | 3488 ||| READING scroll labelled TIATIX QORYJI.
  3489 | D:4      | 3489 ||| READING 2 scrolls labelled VIEKLU IL JOLL.
  3490 | D:4      | 3490 ||| READING scroll of enchant weapon.
  3490 | D:4      | 3490 ||| ENCHANTING +1 war axe.
  3491 | D:4      | 3491 ||| READING scroll labelled RUODAPPI RENN.
  3526 | D:5      | Entered Level 5 of the Dungeon
  3529 | D:5      | 3529 ||| STAIRDANCE
  3532 | D:4      | Reached skill level 3 in Armour
  3565 | D:5      | 3565 ||| INVOKING Berserk.
  3570 | D:5      | Reached XP level 8. HP: 49/49 MP: 8/8
  3575 | D:5      | 3575 ||| Stepping ~*~*~tactically~*~*~ (hiding).
  3586 | D:5      | 3586 ||| Stepping ~*~*~tactically~*~*~ (stealth).
  3587 | D:5      | 3587 ||| Stepping ~*~*~tactically~*~*~ (stealth).
  3692 | D:5      | 3692 ||| Stepping ~*~*~tactically~*~*~ (stealth).
  3698 | D:5      | Reached *** piety under Trog
  3706 | D:5      | Reached skill level 1 in Throwing
  3755 | D:5      | 3755 ||| Stepping ~*~*~tactically~*~*~ (stealth).
  3770 | D:5      | 3770 ||| INVOKING Berserk.
  3870 | D:5      | 3870 ||| Stepping ~*~*~tactically~*~*~ (hiding).
  3879 | D:5      | 3879 ||| FLEEEEING.
  3880 | D:5      | 3880 ||| FLEEEEING.
  3881 | D:5      | 3881 ||| FLEEEEING.
  3882 | D:5      | 3882 ||| STAIRDANCE
  3974 | D:4      | 3974 ||| READING 2 scrolls of identify.
  3974 | D:4      | 3974 ||| IDENTIFYING sapphire potion
  3975 | D:4      | 3975 ||| DROPPING potion of attraction.
  3978 | D:5      | 3978 ||| STAIRDANCE
  3994 | D:5      | Found Cypupn's Antique Weapon Emporium.
  4003 | D:5      | 4003 ||| BUYING glowing war axe (123 gold).
  4003 | D:5      | Bought a glowing war axe for 123 gold pieces
  4003 | D:5      | 4003 ||| DROPPING +0 war axe of venom.
  4060 | D:5      | Found Luwazef's Distillery.
  4069 | D:5      | 4069 ||| SHOPLISTING 2 potions of heal wounds (140 gold,
                  | have 89).
  4069 | D:5      | 4069 ||| BUYING potion of curing (42 gold).
  4069 | D:5      | Bought a potion of curing for 42 gold pieces
  4069 | D:5      | 4069 ||| BUYING potion of curing (42 gold).
  4069 | D:5      | Bought a potion of curing for 42 gold pieces
  4069 | D:5      | 4069 ||| SHOPLISTING potion of heal wounds (70 gold, have
                  | 5).
  4069 | D:5      | 4069 ||| SHOPLISTING potion of mutation (112 gold, have 5).
  4093 | D:5      | 4093 ||| INVOKING Berserk.
  4098 | D:5      | Reached skill level 8 in Axes
  4356 | D:5      | Found a hide-covered altar of Uskayaw.
  4370 | D:5      | Reached skill level 6 in Fighting
  4412 | D:5      | Found a bloodstained altar of Trog.
  4415 | D:5      | Found a radiant altar of Vehumet.
  4422 | D:5      | Found a stormy altar of Qazlal.
  4425 | D:5      | Found a hazy altar of Hepliaklqana.
  4531 | D:5      | 4531 ||| UPGRADING to +0 kite shield.
  4537 | D:5      | 4537 ||| READING scroll labelled YRHYEWK DYZXOKHADE.
  4538 | D:5      | 4538 ||| READING 2 scrolls of identify.
  4538 | D:5      | 4538 ||| IDENTIFYING silvery potion
  4539 | D:5      | 4539 ||| DROPPING potion of ambrosia.
  4540 | D:5      | 4540 ||| READING 3 scrolls of teleportation.
  4663 | D:5      | 4663 ||| INVOKING Berserk.
  4899 | D:5      | Identified the amulet of Xeogg {rN+ Regen+ Str+3}
  4900 | D:5      | Noticed a vampire
  4903 | D:5      | 4903 ||| READING 2 scrolls of teleportation.
  4949 | D:5      | Noticed a wraith
  4952 | D:5      | 4952 ||| READING scroll of teleportation.
  5021 | D:5      | HP: 9/51 [something (6)]
  5023 | D:5      | Slain by a vampire

Levels and vault maps discovered:
D:1:      spicycebolla_arrival_clurvy, layout_loops_cross,
          dreamdust_ecumenical_altar_drowned_temple, grunt_decor_junction
D:2:      layout_basic, serial_shops, nicolae_shop_stone, uniq_sigmund
D:3:      layout_loops_ring
D:4:      layout_loops_ring, minmay_lizard_king, uniq_eustachio, uniq_duvessa
D:5:      kennysheep_windowed_halls, layout_cave_pools,
          grunt_temple_overflow_cloverleaf, nicolae_uskayaw_dance_hall,
          serial_gnoll_camp, gnoll_camp_mini_sergeant, gnoll_camp_mini_shop,
          gnoll_camp_mini_shop, gnoll_camp_medium_02

Skill      XL: |  1  2  3  4  5  6  7  8 |
---------------+-------------------------+-----
Axes           | 3 5 6 7 8 |  8.2
Fighting       | 4 5 6 |  6.0
Armour         | 4 |  4.4
Throwing       | 1 |  1.1
Shields        | 2 |  2.2
Dodging        | |  1.5

Action                   |  1- 3 |  4- 6 |  7- 9 || total
-------------------------+-------+-------+-------++-------
Melee: Hand axe          |    61 |    52 |       ||   113
       War axe           |       |    37 |   134 ||   171
       Punch             |       |       |     2 ||     2
Throw: Boomerang         |    38 |    33 |    40 ||   111
Invok: Berserk           |     1 |     2 |     4 ||     7
  Use: Scroll            |     4 |     6 |    10 ||    20
       Potion            |     1 |     1 |       ||     2
Armor: Animal skin       |    19 |       |       ||    19
       Leather armour    |     1 |    11 |       ||    12
       Scale mail        |       |    25 |     5 ||    30
       Chain mail        |       |       |    83 ||    83
Dodge: Dodged            |    35 |    50 |    82 ||   167
Block: Kite shield       |       |       |     6 ||     6

Table legend:
 A = Non-vault XP
 B = Vault XP
 C = Vault XP percentage of total XP
 D = Non-vault monster count
 E = Vault monster count
 F = Vault count percentage of total count
                 A         B        C        D         E       F
            +---------+---------+-------+---------+---------+-------
      Total |     961 |    1165 |  54.8 |      79 |      38 |  32.5
            +---------+---------+-------+---------+---------+-------
        D:1 |      58 |       1 |   1.7 |      30 |       1 |   3.2
        D:2 |      54 |     226 |  80.7 |      18 |       1 |   5.3
        D:3 |      36 |       0 |   0.0 |       7 |       0 |   0.0
        D:4 |     303 |     474 |  61.0 |      13 |      10 |  43.5
        D:5 |     510 |     464 |  47.6 |      11 |      26 |  70.3
            +---------+---------+-------+---------+---------+-------
